 Dungeon Crawl Stone Soup version 0.32-a0-597-g8e3e136d6a (webtiles) character file.

Game seed: 15943160126617741356

8436 cforsyth the Merchant of Misery (level 11, -1/85 HPs)
             Began as a Mountain Dwarf Necromancer on Mar 2, 2024.
             Was a Believer of Kikubaaqudgha.
             Shot with an arrow by a centaur warrior (15 damage)
             ... on level 9 of the Dungeon.
             The game lasted 00:35:42 (13822 turns).

cforsyth the Merchant of Misery (MDNe)             Turns: 13822, Time: 00:35:43

Health: -1/85      AC: 21    Str: 12    XL:     11   Next: 9%
Magic:  13/13      EV:  6    Int: 25    God:    Kikubaaqudgha [**....]
Gold:   559        SH:  0    Dex: 10    Spells: 8/13 levels left

rFire   . . .        h - +6 scimitar
rCold   . . .        y - orb {light}
rNeg    . . .        r - +3 chain mail
rPois   .            g - +1 helmet
rElec   .            t - +2 cloak
rCorr   .            z - +0 pair of gloves
SInv    .            (no boots)
Will    +....        i - amulet of magic regeneration Stlth
                     T - +4 ring of protection
HPRegen 0.34/turn    I - +6 ring of intelligence
MPRegen 0.53/turn

%: no passive effects
@: glowing
A: runic magic, artefact enchanting
a: Renounce Religion, Unearth Wretches


You were on level 9 of the Dungeon.
You worshipped Kikubaaqudgha.
Kikubaaqudgha was pleased with you.
You visited 1 branch of the dungeon, and saw 10 of its levels.

You collected 761 gold pieces.
You spent 202 gold pieces at shops.


Innate Abilities, Weirdness & Mutations

Your spellcasting is much less encumbered by armour.
You can use scrolls of enchantment on lesser artefacts.


   Skills:
 - Level 4.7 Fighting
 - Level 13.1 Axes
 - Level 1.3 Dodging
 - Level 1.4 Stealth
 - Level 1.7 Spellcasting
 + Level 14.1 Necromancy


You had 8 spell levels left.
You knew the following spells:

 Your Spells              Type           Power      Damage    Failure   Level
a - Animate Dead          Necr           64%        N/A       1%          4
X - Necrotise             Necr           100%       1d9       1%          1

Your spell library contained the following spells:

 Spells                   Type           Power      Damage    Failure   Level
 Sublimation of Blood     Necr           64%        N/A       1%          2
 Vampiric Draining        Necr           64%        2d10      1%          3
 Curse of Agony           Necr           64%        N/A       2%          5
 Cigotuvi's Dreadful Rot  Necr/Alch/Air  50%        N/A       6%          2
 Magic Dart               Conj           8%         1d3       26%         1
 Sandblast                Erth           4%         2d4       26%         1
 Slow                     Hex            8%         N/A       26%         1
 Searing Ray              Conj           4%         2d4       36%         2
 Confusing Touch          Hex            2%         N/A       61%         3
 Passwall                 Erth           2%         N/A       61%         3
 Sigil of Binding         Hex            2%         N/A       61%         3
 Stone Arrow              Conj/Erth      4%         3d7       61%         3
 Brom's Barrelling Bould  Conj/Erth      2%         2d3       95%         4
 Fulminant Prism          Conj/Alch      1%         3d5       95%         4

Inventory:

Hand Weapons
 a - a +2 whip of draining
 h - a +6 scimitar (weapon)
 q - a +0 hand axe
Armour
 g - a +1 helmet (worn)
 r - a +3 chain mail (worn)
 t - a +2 cloak (worn)
 y - an orb of light (worn)
 z - a +0 pair of gloves (worn)
Magical Staves
 A - a staff of alchemy {!a}
Jewellery
 i - an amulet of magic regeneration (around neck)
 v - a ring of see invisible
 D - a +6 ring of dexterity
 I - a +6 ring of intelligence (right hand)
 T - a +4 ring of protection (left hand)
 Z - a ring of wizardry
Wands
 d - a wand of acid (12)
 f - a wand of digging (4)
 k - a wand of iceblast (14)
 o - a wand of charming (11)
Scrolls
 c - a scroll of blinking
 j - 2 scrolls of amnesia
 u - 2 scrolls of immolation
 x - 2 scrolls of identify {@r1}
Potions
 b - a potion of magic
 e - a potion of lignification
 m - a potion of mutation
 n - a potion of resistance
 p - a potion of cancellation
 s - 4 potions of curing {@q1}
 w - a potion of ambrosia

Dungeon Overview and Level Annotations

Branches:
Dungeon (10/15)            Temple (0/1) D:6             Orc (0/2) D:9
   Lair: D:8-11

Altars:
Elyvilon
Fedhas
Gozag
Kikubaaqudgha
Trog
Uskayaw
Wu Jian
Yredelemnul

Shops:
D:8

[ ##.....## ####'## ##)###.# #
#>.##### #.## ##ZZ##..### #.##
#..# #.......... #.# ##.#
###........ #+######
######'######..).... .......#
#.........# #....... .......####
#.........#####...#.
.......'c.####.........'.###..###
.......##...c'..@......#..##ß.ß#
.......#######.........##..#▓'▓#
.......# #.........#####...#
##c##### ######'#### #.>.# #..#
###.# #...# ..## #...# #####
.+########## #<### #####'##
...........######'#### #.......
▒▒▒#▒▒▒▒.#.##........# ###.......


You could see a centaur warrior.


Message History

Blink to where?
Press: ? - help, Dir - move target
As you read the scroll of blinking, it crumbles to dust.
The green ugly thing gurgles horribly!
The death knight shouts!
The vampire mosquito buzzes angrily.
You hear an angry hiss.
There is an open door here.
You close the door.
Your reaping aura is weakening.
A centaur warrior breaks down the door.
The centaur warrior throws a stone.
The stone hits you but does no damage.
There is an open door here.
The centaur warrior throws a stone.
The stone hits you.
* * * LOW HITPOINT WARNING * * *
The centaur warrior throws a stone.
The stone hits you.
* * * LOW HITPOINT WARNING * * *
You close the door.
Your reaping aura expires.
Something unseen opens the door.
The centaur warrior unwields a +0 glaive of protection.
The centaur warrior wields a +0 shortbow.
The centaur warrior shoots an arrow.
The arrow barely misses you.
There is an open door here.
The centaur warrior throws a stone.
The stone hits you but does no damage.
The centaur warrior throws a stone.
The stone hits you but does no damage.
You close the door.
There is a stone staircase leading down here.
The centaur warrior shoots an arrow.
The arrow hits you!
You die...
Kikubaaqudgha rasps: You have failed me!
Welcome... death!

Skill      XL: |  1  2  3  4  5  6  7  8  9 10 11 |
---------------+----------------------------------+-----
Fighting       | 1 2 3 4 |  4.7
Necromancy     | 5 6 7 8 10 12 13 14 | 14.1
Axes           | 2 5 8 10 13 | 13.1
Dodging        | |  1.3
Stealth        | |  1.4
Spellcasting   | |  1.7

Action                     |  1- 3 |  4- 6 |  7- 9 | 10-12 || total
---------------------------+-------+-------+-------+-------++-------
  Melee: Unarmed           |    17 |       |       |       ||    17
         Club              |       |     2 |       |       ||     2
         Hand axe          |       |    21 |     4 |       ||    25
         Whip              |       |       |   303 |    85 ||   388
         Scimitar          |       |       |     9 |    60 ||    69
   Cast: Necrotise         |    54 |    99 |   219 |   108 ||   480
         Animate Dead      |       |       |     1 |     4 ||     5
  Evoke: Wand              |       |     3 |    10 |    11 ||    24
    Use: Scroll            |       |       |    11 |     4 ||    15
         Potion            |       |       |    10 |     1 ||    11
 Armour: Robe              |     7 |    16 |       |       ||    23
         Chain mail        |       |    32 |   478 |   214 ||   724
         Skin              |       |       |    10 |       ||    10
  Dodge: Dodged            |    11 |    18 |   156 |    49 ||   234

Levels and vault maps discovered:
D:1:      roderic_crop_circles_arrival_small, layout_basic,
          nicolae_ecumenical_snake_handling, serial_forest,
          infiniplex_forest_end_2, infiniplex_forest_end_1,
          infiniplex_forest_lined_room_2, infiniplex_forest_lined_2,
          infiniplex_forest_fountain, infiniplex_forest_lined_ring
D:2:      layout_basic, minmay_lizard_pond, uniq_jessica
D:3:      layout_loops_ring, mainiacjoe_overflow_alcove_1, serial_rivers,
          chequers_serial_rivers_large_b, chequers_serial_rivers_micro_e,
          chequers_serial_rivers_micro_c, chequers_serial_rivers_small_b,
          chequers_serial_rivers_micro_d, minmay_vboxes
D:4:      layout_loops_corners, mainiacjoe_overflow_small_starburst,
          minmay_pentangle
D:5:      layout_loops_ring, mainiacjoe_overflow_six_doors_small,
          marbit_many_paths, tgw_kikubaaqudgha, ebering_ghost_inner_flame,
          minmay_misc_feat_ornament
D:6:      minmay_skewed_foursquare, layout_basic, mainiacjoe_overflow_boulevard,
          minmay_temple_entry_slanted, uniq_blork_the_orc
D:7:      layout_loops_ring, nicolae_gozag_seed_capital, abandoned_shop,
          kennysheep_boxes, uniq_crazy_yiuf_cottage
D:8:      layout_loops_ring, elyvilon_altar_3, serial_shops,
          nicolae_shop_tiny_statue_garden
D:9:      layout_roguey, hiddenorc1_lemuel, minivault_12
D:10:     layout_layer_cave, serial_shops, shop

Notes
Turn   | Place    | Note
-------+----------+-------------------------------------------
     0 | D:1      | cforsyth the Mountain Dwarf Necromancer began the quest for
                  | the Orb.
     0 | D:1      | Reached XP level 1. HP: 14/14 MP: 3/3
   320 | D:1      | Reached skill level 1 in Fighting
   452 | D:1      | Reached XP level 2. HP: 23/23 MP: 1/4
   512 | D:1      | Found a faded altar of an unknown god.
  1186 | D:2      | Noticed Jessica
  1199 | D:2      | Killed Jessica
  1200 | D:2      | Reached skill level 2 in Fighting
  1200 | D:2      | Reached skill level 5 in Necromancy
  1200 | D:2      | Reached XP level 3. HP: 30/30 MP: 2/5
  1515 | D:2      | Reached XP level 4. HP: 35/37 MP: 3/6
  1612 | D:2      | Reached skill level 3 in Fighting
  2082 | D:3      | Reached XP level 5. HP: 45/45 MP: 4/7
  2111 | D:3      | Reached skill level 6 in Necromancy
  2352 | D:3      | Reached skill level 4 in Fighting
  2561 | D:3      | Noticed an ogre
  2568 | D:3      | Killed an ogre
  2569 | D:3      | Reached XP level 6. HP: 53/53 MP: 8/8
  2574 | D:3      | Found a bloodstained altar of Trog.
  2898 | D:4      | Reached skill level 1 in Axes
  3001 | D:4      | Reached skill level 2 in Axes
  3001 | D:4      | Reached skill level 7 in Necromancy
  3397 | D:4      | Reached XP level 7. HP: 60/60 MP: 6/9
  3439 | D:4      | Reached skill level 3 in Axes
  3774 | D:4      | Found a hide-covered altar of Uskayaw.
  4223 | D:4      | Learned a level 4 spell: Animate Dead
  4383 | D:5      | Entered Level 5 of the Dungeon
  4448 | D:5      | Found an ornate altar of the Wu Jian Council.
  4477 | D:5      | Identified a potion of resistance
  4482 | D:5      | Reached skill level 4 in Axes
  4495 | D:5      | Found a basalt altar of Yredelemnul.
  4503 | D:5      | Reached skill level 8 in Necromancy
  4758 | D:5      | Reached skill level 5 in Axes
  5048 | D:5      | Found a runed translucent door.
  5048 | D:5      | Noticed a yak
  5048 | D:5      | Noticed Dynojp's ghost (amateur CoCA)
  5057 | D:5      | Found an ancient bone altar of Kikubaaqudgha.
  5082 | D:5      | Reached XP level 8. HP: 61/67 MP: 10/10
  5774 | D:6      | Reached skill level 6 in Axes
  5780 | D:6      | Found a blossoming altar of Fedhas.
  5999 | D:5      | Became a worshipper of Kikubaaqudgha
  6079 | D:6      | Reached skill level 9 in Necromancy
  6121 | D:6      | Noticed Blork the orc
  6133 | D:6      | Killed Blork the orc
  6270 | D:6      | Reached skill level 7 in Axes
  6834 | D:6      | Reached skill level 10 in Necromancy
  6871 | D:6      | Reached skill level 8 in Axes
  7017 | D:6      | Reached XP level 9. HP: 14/72 MP: 11/11
  7676 | D:6      | HP: 3/65 [wight/+0 halberd (9)]
  7786 | D:6      | Found a staircase to the Ecumenical Temple.
  7812 | D:5      | Reached * piety under Kikubaaqudgha
  7812 | D:5      | Received a gift from Kikubaaqudgha
  8271 | D:7      | Found an opulent altar of Gozag.
  8333 | D:7      | Reached skill level 9 in Axes
  9002 | D:8      | Found a white marble altar of Elyvilon.
  9192 | D:8      | Found Agaasur's Antique Armour Emporium.
  9199 | D:8      | Bought an embroidered cloak for 202 gold pieces
  9281 | D:7      | Reached skill level 11 in Necromancy
  9931 | D:8      | Reached skill level 10 in Axes
 10636 | D:9      | Noticed a two-headed ogre
 10665 | D:9      | Killed a two-headed ogre
 10666 | D:9      | Reached skill level 12 in Necromancy
 10666 | D:9      | Reached XP level 10. HP: 26/80 MP: 12/12
 10683 | D:9      | Noticed a two-headed ogre
 10694 | D:9      | Killed a two-headed ogre
 10695 | D:9      | Reached skill level 11 in Axes
 11214 | D:9      | Noticed a white ugly thing
 11214 | D:9      | Identified the +1 quarterstaff "Tormentor" {heavy, Str+6}
 11214 | D:9      | Noticed a death knight
 11214 | D:9      | Noticed a green ugly thing
 11214 | D:9      | Noticed a tengu warrior
 11215 | D:9      | Noticed a centaur warrior
 11215 | D:9      | Noticed an eight-headed hydra
 11400 | D:9      | Reached skill level 12 in Axes
 11536 | D:9      | Reached skill level 13 in Necromancy
 11598 | D:9      | Noticed a two-headed ogre
 11611 | D:9      | Killed a two-headed ogre
 11612 | D:9      | Reached ** piety under Kikubaaqudgha
 11988 | D:9      | Reached skill level 13 in Axes
 12162 | D:9      | Reached XP level 11. HP: 17/85 MP: 13/13
 12529 | D:9      | Found a staircase to the Orcish Mines.
 12563 | D:10     | Entered Level 10 of the Dungeon
 12564 | D:10     | Upgraded the game from 0.32-a0-576-g706899e69d to
                  | 0.32-a0-597-g8e3e136d6a
 12986 | D:7      | Found a runed translucent door.
 12987 | D:7      | Noticed Crazy Yiuf
 12996 | D:7      | Killed Crazy Yiuf
 13246 | D:5      | Killed Dynojp's ghost
 13247 | D:5      | Reached skill level 14 in Necromancy
 13785 | D:9      | HP: 8/85 [cyclops (16)]
 13822 | D:9      | Shot with an arrow by a centaur warrior

Vanquished Creatures
  3 two-headed ogres (D:9)
  The ghost of Dynojp the Slasher, an amateur CoCA of Ignis (D:5)
  11 yaks
  A wyvern (D:9)
  2 steam dragons (D:8)
  2 orc warriors
  A sky beast (D:7)
  An ice beast (D:6)
  2 ogres
  A boggart (D:9)
  A centaur (D:6)
  A kobold brigand (D:9)
  Blork the orc (D:6)
  3 bullfrogs
  2 gnoll sergeants
  6 scorpions
  15 wights
  7 killer bees (D:9)
  A howler monkey (D:9)
  3 jellies
  4 bombardier beetles
  3 lava snakes (D:7)
  A gnoll bouda (D:6)
  5 orc priests (D:9)
  4 hounds
  Crazy Yiuf (D:7)
  Jessica (D:2)
  7 iguanas
  6 orc wizards
  2 sleepcaps
  11 gnolls
  3 adders
  2 white imps (D:6)
  8 ufetubi
  2 dart slugs
  4 ribbon worms
  28 orcs
  16 ball pythons
  4 endoplasms
  3 giant cockroaches
  A hobgoblin (D:4)
  6 jackals
  5 quokkas
  2 bats
  7 frilled lizards
  11 goblins
  9 kobolds
  3 rats
224 creatures vanquished.

Vanquished Creatures (collateral kills)
  2 yaks (D:9)
  An orc warrior (D:9)
  A phantom (D:4)
  A scorpion (D:5)
  An orc wizard (D:9)
  2 adders (D:3)
  A ribbon worm (D:2)
  An orc (D:9)
  An endoplasm (D:2)
  2 goblins (D:2)
  A frilled lizard (D:2)
14 creatures vanquished.

Vanquished Creatures (others)
  A two-headed ogre zombie (D:9)
  A human (D:5)
  A bullfrog zombie (D:9)
  3 kobold zombies (D:9)
  An orc zombie (D:7)
7 creatures vanquished.

Grand Total: 245 creatures vanquished

Table legend: (Time is in decaauts)
 A = Elapsed time spent in this place.
 B = Non-inter-level travel time spent in this place.
 C = Inter-level travel time spent in this place.
 D = Time resting spent in this place.
 E = Time spent auto-exploring this place.
 F = Levels seen in this place.
 G = Mean time per level.
                   A        B        C        D        E       F      G
               +--------+--------+--------+--------+--------+-----+--------+
         Total |  13792 |  13032 |    760 |   1145 |   9171 |  10 | 1379.2 |
       Dungeon |  13792 |  13032 |    760 |   1145 |   9171 |  10 | 1379.2 |
               +--------+--------+--------+--------+--------+-----+--------+

Top non-repeatable levels by time:
     D:5: 2028 daAuts
     D:6: 1957 daAuts
     D:9: 1942 daAuts
     D:8: 1903 daAuts
     D:7: 1539 daAuts
     D:4: 1506 daAuts
     D:1: 1163 daAuts
     D:2: 875 daAuts
     D:3: 871 daAuts
    D:10: 3 daAuts

Table legend:
 A = Non-vault XP
 B = Vault XP
 C = Vault XP percentage of total XP
 D = Non-vault monster count
 E = Vault monster count
 F = Vault count percentage of total count
                 A         B        C        D         E       F
            +---------+---------+-------+---------+---------+-------
      Total |   10074 |    1978 |  16.4 |     187 |      51 |  21.4
            +---------+---------+-------+---------+---------+-------
        D:1 |      34 |       4 |  10.5 |      22 |       2 |   8.3
        D:2 |      51 |      43 |  45.7 |      14 |       7 |  33.3
        D:3 |     244 |      87 |  26.3 |      19 |       4 |  17.4
        D:4 |     423 |      58 |  12.1 |      22 |       7 |  24.1
        D:5 |     713 |     556 |  43.8 |      22 |       3 |  12.0
        D:6 |     908 |     585 |  39.2 |      20 |       8 |  28.6
        D:7 |    1010 |      39 |   3.7 |      21 |       1 |   4.5
        D:8 |    1394 |       0 |   0.0 |      16 |       0 |   0.0
        D:9 |    5297 |     606 |  10.3 |      31 |      19 |  38.0
            +---------+---------+-------+---------+---------+-------
